PIO (24 & UNDER)
JASPER COUGARS @ CHULA VISTA TACOS
10/05/2028
 
TOP OF THE 1ST
Jasper Cougars batting - Pitching for Chula Vista Tacos : RHP Tony Fullerton
Pitching: RHP Tony Fullerton
Batting: LHB Darren Holland 0-0: Ball
1-0: Ball
2-0: Ball
3-0: Base on Balls
Batting: RHB Bob Cole 0-0: Ball
Wild Pitch!
Darren Holland to second
1-0: Called Strike
1-1: SINGLE (Flyball, 8RS)
Darren Holland to third
Runner from 3rd tries for Home, throw and OUT!
Bob Cole to second
Batting: LHB Jon Rogers 0-0: Called Strike
0-1: Called Strike
0-2: Ball
1-2: Ball
2-2: Ground out 4-3 (Groundball, 34)
Bob Cole to third
Batting: RHB Alberto Castillo 0-0: Called Strike
0-1: SINGLE (Line Drive, 6D)
Bob Cole scores
Batting: RHB Juan Carlos 0-0: Ball
Alberto Castillo is caught stealing 2nd base
Top of the 1st over - 1 run(s), 2 hit(s), 0 error(s), 0 left on base; Jasper 1 - Chula Vista 0
BOTTOM OF THE 1ST
Chula Vista Tacos batting - Pitching for Jasper Cougars : LHP Alfredo Maestas
Pitching: LHP Alfredo Maestas
Batting: RHB Matt O'Rourke 0-0: Called Strike
0-1: Ball
1-1: Swinging Strike
1-2: Ground out 4-3 (Groundball, 4)
Batting: RHB Juan García 0-0: Called Strike
0-1: Ball
1-1: Ball
2-1: Foul Ball, location: 2F
2-2: Ball
3-2: Fly out, F9 (Flyball, 9S)
Batting: LHB Roderick Delgado 0-0: Foul Ball, location: 2F
0-1: Ball
1-1: Ball
2-1: SINGLE (Groundball, 4D)
Batting: LHB Vernon Hill 0-0: Ball
1-0: Called Strike
Roderick Delgado is caught stealing 2nd base
Bottom of the 1st over - 0 run(s), 1 hit(s), 0 error(s), 0 left on base; Jasper 1 - Chula Vista 0
TOP OF THE 2ND
Jasper Cougars batting - Pitching for Chula Vista Tacos : RHP Tony Fullerton
Batting: RHB Juan Carlos 0-0: Called Strike
0-1: Swinging Strike
0-2: Ball
1-2: Foul Ball, location: 2F
1-2: Strikes out swinging
Batting: RHB José Maldonado 0-0: Called Strike
0-1: Foul Ball, location: 2F
0-2: Strikes out swinging
Batting: RHB Ben Wilson 0-0: Ball
1-0: Called Strike
1-1: TRIPLE (Flyball, 8LD)
Batting: RHB Charles Lewis 0-0: Ball
1-0: Ball
2-0: Ground out 5-3 (Groundball, 56)
Top of the 2nd over - 0 run(s), 1 hit(s), 0 error(s), 1 left on base; Jasper 1 - Chula Vista 0
BOTTOM OF THE 2ND
Chula Vista Tacos batting - Pitching for Jasper Cougars : LHP Alfredo Maestas
Batting: LHB Vernon Hill 0-0: Ball
1-0: Foul Ball, location: 2F
1-1: SINGLE (Groundball, 4MD)
Batting: RHB Jake Lawrence 0-0: Ball
1-0: Ball
2-0: Ball
3-0: Base on Balls
Vernon Hill to second
Batting: RHB Ron Garrett 0-0: Called Strike
0-1: Called Strike
0-2: Ball
1-2: Ball
2-2: Fly out, F8 (Flyball, 8LD)
Runner from 2nd tags up, SAFE at 3rd, no throw
Batting: RHB Dan Salazar 0-0: Ball
1-0: Called Strike
Jake Lawrence is caught stealing 2nd base
1-1: Foul Ball, location: 2F
1-2: Ball
2-2: Ball
3-2: Base on Balls
Batting: LHB Jean Beauchemin 0-0: Fielders Choice at 2nd, 4-6 (Groundball, 4)
Bottom of the 2nd over - 0 run(s), 1 hit(s), 0 error(s), 1 left on base; Jasper 1 - Chula Vista 0
TOP OF THE 3RD
Jasper Cougars batting - Pitching for Chula Vista Tacos : RHP Tony Fullerton
Batting: RHB Scott McGuire 0-0: Ball
1-0: Called Strike
1-1: Ball
2-1: Foul Ball, location: 2F
2-2: Ball
3-2: Strikes out swinging
Batting: LHB Darren Holland 0-0: Ball
1-0: Foul Ball, location: 2F
1-1: Hit by Pitch
Batting: RHB Bob Cole 0-0: Ball
1-0: Swinging Strike
1-1: Fly out, F6 (Popup, 56D)
Batting: LHB Jon Rogers 0-0: Called Strike
Darren Holland is caught stealing 2nd base
Top of the 3rd over - 0 run(s), 0 hit(s), 0 error(s), 0 left on base; Jasper 1 - Chula Vista 0
BOTTOM OF THE 3RD
Chula Vista Tacos batting - Pitching for Jasper Cougars : LHP Alfredo Maestas
Batting: RHB Preston Wooten 0-0: Ball
1-0: Ball
2-0: Foul Ball, location: 2F
2-1: Ball
3-1: Base on Balls
Batting: RHB Matt O'Rourke 0-0: Called Strike
0-1: Foul Ball, location: 2F
0-2: Ball
1-2: Hit by Pitch
Preston Wooten to second
Batting: RHB Juan García 0-0: Foul Ball, location: 2F
0-1: Ball
1-1: Called Strike
Preston Wooten steals 3rd base
Matt O'Rourke to second
1-2: Ball
Wild Pitch!
Preston Wooten scores
Matt O'Rourke to third
2-2: Foul Ball, location: 2F
2-2: Ball
3-2: Foul Ball, location: 2F
3-2: Foul Ball, location: 2F
3-2: Strikes out looking
Batting: LHB Roderick Delgado 0-0: Ball
1-0: Fly out, F7 (Flyball, 7S)
Batting: LHB Vernon Hill 0-0: Ball
1-0: Ball
2-0: Foul Ball, location: 2F
2-1: Foul Ball, location: 2F
2-2: Strikes out swinging
Bottom of the 3rd over - 1 run(s), 0 hit(s), 0 error(s), 1 left on base; Jasper 1 - Chula Vista 1
TOP OF THE 4TH
Jasper Cougars batting - Pitching for Chula Vista Tacos : RHP Tony Fullerton
Batting: LHB Jon Rogers 0-0: Ball
1-0: DOUBLE (Flyball, 8LXD)
Batting: RHB Alberto Castillo 0-0: Called Strike
0-1: Ball
1-1: Ball
2-1: Foul Ball, location: 2F
2-2: Ball
3-2: Foul Ball, location: 2F
3-2: Fly out, F8 (Flyball, 8RM)
Batting: RHB Juan Carlos 0-0: Ground out 4-3 (Groundball, 4MS)
Jon Rogers to third
Batting: RHB José Maldonado 0-0: Ball
1-0: Ball
2-0: Fly out, F9 (Line Drive, 9D)
Top of the 4th over - 0 run(s), 1 hit(s), 0 error(s), 1 left on base; Jasper 1 - Chula Vista 1
BOTTOM OF THE 4TH
Chula Vista Tacos batting - Pitching for Jasper Cougars : LHP Alfredo Maestas
Batting: RHB Jake Lawrence 0-0: Swinging Strike
0-1: Ball
1-1: Fly out, F9 (Flyball, 9LS)
Batting: RHB Ron Garrett 0-0: SINGLE (Flyball, 89S)
Batting: RHB Dan Salazar 0-0: Ball
1-0: SINGLE (Groundball, 6MD)
Ron Garrett to second
Pitching: RHP Júlio Rosales
Batting: LHB Jean Beauchemin 0-0: Ball
1-0: Called Strike
1-1: Foul Ball, location: 2F
1-2: Grounds into double play, 4-6-3 (Groundball, 4)
Bottom of the 4th over - 0 run(s), 2 hit(s), 0 error(s), 1 left on base; Jasper 1 - Chula Vista 1
TOP OF THE 5TH
Jasper Cougars batting - Pitching for Chula Vista Tacos : RHP Tony Fullerton
Batting: RHB Ben Wilson 0-0: Ball
1-0: Called Strike
1-1: Foul Ball, location: 2F
1-2: Ball
2-2: Ball
3-2: SINGLE (Groundball, 34D)
Batting: RHB Charles Lewis 0-0: Called Strike
Ben Wilson steals 2nd base
0-1: Foul Ball, location: 2F
0-2: Fly out, F9 (Flyball, 9LS)
Batting: RHB Scott McGuire 0-0: Ball
1-0: Ball
2-0: Called Strike
2-1: Fly out, F8 (Flyball, 8RM)
Runner from 2nd tags up, SAFE at 3rd with throw
Batting: LHB Darren Holland 0-0: Ball
1-0: Swinging Strike
1-1: 2-RUN HOME RUN (Flyball, 78XD), Distance : 439 ft
Batting: RHB Bob Cole 0-0: Ball
1-0: Ball
2-0: Swinging Strike
2-1: Ball
3-1: Ground out 6-3 (Groundball, 6)
Top of the 5th over - 2 run(s), 2 hit(s), 0 error(s), 0 left on base; Jasper 3 - Chula Vista 1
BOTTOM OF THE 5TH
Chula Vista Tacos batting - Pitching for Jasper Cougars : RHP Júlio Rosales
Batting: RHB Preston Wooten 0-0: Ball
1-0: Ball
2-0: Called Strike
2-1: Foul Ball, location: 2F
2-2: Ground out 6-3 (Groundball, 6)
Batting: RHB Matt O'Rourke 0-0: Ground out 1-3 (Groundball, 13)
Batting: RHB Juan García 0-0: Ball
1-0: Called Strike
1-1: Foul Ball, location: 2F
1-2: Foul Ball, location: 2F
1-2: Ball
2-2: Ball
3-2: Foul Ball, location: 2F
3-2: Foul Ball, location: 2F
3-2: Strikes out swinging
Bottom of the 5th over - 0 run(s), 0 hit(s), 0 error(s), 0 left on base; Jasper 3 - Chula Vista 1
TOP OF THE 6TH
Jasper Cougars batting - Pitching for Chula Vista Tacos : RHP Tony Fullerton
Batting: LHB Jon Rogers 0-0: Called Strike
0-1: Ball
1-1: Foul Ball, location: 2F
1-2: SINGLE (Groundball, 34S) (infield hit)
Batting: RHB Alberto Castillo 0-0: Foul Ball, location: 2F
0-1: Ball
1-1: Ball
2-1: Swinging Strike
2-2: Strikes out swinging
Jon Rogers steals 2nd base
Batter strikes out.
Pitching: RHP Ron Davis
Batting: RHB Juan Carlos 0-0: Ball
1-0: Ball
2-0: Fly out, F9 (Line Drive, 89M)
Batting: RHB José Maldonado 0-0: Called Strike
0-1: Ball
1-1: SINGLE (Groundball, 6MD) (infield hit)
Jon Rogers to third
Batting: RHB Ben Wilson 0-0: Ball
1-0: Called Strike
1-1: Ball
2-1: Foul Ball, location: 2F
2-2: Strikes out swinging
Top of the 6th over - 0 run(s), 2 hit(s), 0 error(s), 2 left on base; Jasper 3 - Chula Vista 1
BOTTOM OF THE 6TH
Chula Vista Tacos batting - Pitching for Jasper Cougars : RHP Júlio Rosales
Batting: LHB Roderick Delgado 0-0: SOLO HOME RUN (Flyball, 78XD), Distance : 433 ft
Batting: LHB Vernon Hill 0-0: Called Strike
0-1: Ball
1-1: TRIPLE (Line Drive, 9LD)
Batting: RHB Jake Lawrence 0-0: Swinging Strike
0-1: Ball
1-1: Ball
2-1: Ball
3-1: Ground out 6-3 (Groundball, 6)
Batting: RHB Ron Garrett 0-0: Ball
1-0: Called Strike
1-1: Ball
2-1: Foul Ball, location: 2F
2-2: SINGLE (Groundball, 34D)
Vernon Hill scores
Pitching: RHP A.J. Wellman
Pinch Runner at 1st Domynguos Tabucchi:
Batting: RHB Dan Salazar 0-0: Ball
1-0: Foul Ball, location: 2F
1-1: Ball
2-1: Called Strike
2-2: Strikes out swinging
Batting: LHB Jean Beauchemin 0-0: Called Strike
0-1: Swinging Strike
0-2: Ball
1-2: Ball
2-2: Strikes out swinging
Bottom of the 6th over - 2 run(s), 3 hit(s), 0 error(s), 1 left on base; Jasper 3 - Chula Vista 3
TOP OF THE 7TH
Jasper Cougars batting - Pitching for Chula Vista Tacos : RHP Ron Davis
Now at 3B: Lee Scott
Pinch Hitting: SHB Lonnie Washington 0-0: Called Strike
0-1: Ball
1-1: Ball
2-1: Called Strike
2-2: Strikes out swinging
Batting: RHB Scott McGuire 0-0: Fly out, F4 (Popup, 34)
Batting: LHB Darren Holland 0-0: Foul Ball, location: 2F
0-1: Ball
1-1: Ball
2-1: Fly out, F9 (Flyball, 89S)
Top of the 7th over - 0 run(s), 0 hit(s), 0 error(s), 0 left on base; Jasper 3 - Chula Vista 3
BOTTOM OF THE 7TH
Chula Vista Tacos batting - Pitching for Jasper Cougars : RHP A.J. Wellman
Now at 3B: Júlio González
Pinch Hitting: SHB Tony Varela 0-0: Foul Ball, location: 2F
0-1: Ball
1-1: Ground out 4-3 (Groundball, 4)
Batting: RHB Matt O'Rourke 0-0: Called Strike
0-1: Ball
1-1: Swinging Strike
1-2: Ball
2-2: Ball
3-2: Ground out 6-3 (Groundball, 6)
Batting: RHB Juan García 0-0: Ball
1-0: Ball
2-0: Swinging Strike
2-1: Ball
3-1: Called Strike
3-2: Foul Ball, location: 2F
3-2: Strikes out swinging
Bottom of the 7th over - 0 run(s), 0 hit(s), 0 error(s), 0 left on base; Jasper 3 - Chula Vista 3
TOP OF THE 8TH
Jasper Cougars batting - Pitching for Chula Vista Tacos : RHP Ron Davis
Now at 2B: Tony Varela
Pinch Hitting: LHB John Stone 0-0: Called Strike
0-1: Ball
1-1: Swinging Strike
1-2: Foul Ball, location: 2F
1-2: Ball
2-2: SINGLE (Groundball, 56D)
Batting: LHB Jon Rogers 0-0: Ball
1-0: Foul Ball, location: 2F
1-1: Ball
2-1: Foul Ball, location: 2F
2-2: Fly out, F8 (Flyball, 8RS)
Pinch Hitting: RHB Jesús Silva 0-0: Ball
John Stone is caught stealing 2nd base
1-0: Foul Ball, location: 2F
1-1: Foul Ball, location: 2F
1-2: Ball
2-2: Strikes out looking
Top of the 8th over - 0 run(s), 1 hit(s), 0 error(s), 0 left on base; Jasper 3 - Chula Vista 3
BOTTOM OF THE 8TH
Chula Vista Tacos batting - Pitching for Jasper Cougars : RHP A.J. Wellman
Now at 2B: Jorge Romero
Now in CF: John Stone
Batting: LHB Roderick Delgado 0-0: Ball
1-0: Ball
2-0: Ball
3-0: Foul Ball, location: 2F
3-1: Base on Balls
Batting: LHB Vernon Hill 0-0: Fielders Choice at 2nd, 1-6 (Groundball, 13S)
Batting: RHB Jake Lawrence 0-0: Called Strike
0-1: Ball
1-1: Ball
Vernon Hill is caught stealing 2nd base
2-1: Ball
3-1: DOUBLE (Line Drive, 7D)
Pinch Hitting: RHB Juan López 0-0: Ball
1-0: Ball
2-0: Ball
3-0: Called Strike
3-1: Foul Ball, location: 2F
3-2: Foul Ball, location: 2F
3-2: Base on Balls
Pinch Hitting: LHB Esteban Zamora 0-0: Called Strike
0-1: Called Strike
0-2: Ball
1-2: SINGLE (Groundball, 34D)
Jake Lawrence to third
Juan López to second
Runner from 3rd tries for Home, SAFE, throw made at trailing runner, SAFE at third!
Batting: LHB Jean Beauchemin Pickoff Throw to First - Out!
Bottom of the 8th over - 1 run(s), 2 hit(s), 0 error(s), 0 left on base; Jasper 3 - Chula Vista 4
TOP OF THE 9TH
Jasper Cougars batting - Pitching for Chula Vista Tacos : RHP Ron Davis
Pitching: RHP Pat Hanna
Now at C: Manuel Martínez
Now at 1B: Eddy Davenport
Now at 2B: Kevin Wilson
Now at 3B: Germán Ontiveros
Now in LF: Guillermo Deleón
Batting: RHB Juan Carlos 0-0: Called Strike
0-1: Foul Ball, location: 2F
0-2: Fly out, F9 (Flyball, 9)
Batting: RHB José Maldonado 0-0: Called Strike
0-1: Called Strike
0-2: Ball
1-2: Ball
2-2: Foul Ball, location: 2F
2-2: Foul Ball, location: 2F
2-2: Foul Ball, location: 2F
2-2: Ball
3-2: Base on Balls
Batting: RHB Ben Wilson 0-0: Called Strike
0-1: Ball
1-1: Called Strike
1-2: Strikes out swinging
Batting: RHB Júlio González 0-0: Called Strike
0-1: Foul Ball, location: 2F
0-2: Foul Ball, location: 2F
0-2: Foul Ball, location: 2F
0-2: Ball
1-2: Ball
2-2: Foul Ball, location: 2F
2-2: 2-RUN HOME RUN (Line Drive, 9D), Distance : 420 ft
Pitching: RHP Carlos Madraso
Batting: RHB Scott McGuire 0-0: Ball
1-0: Swinging Strike
1-1: Ball
2-1: Fly out, F3 (Popup, 3L)
Top of the 9th over - 2 run(s), 1 hit(s), 0 error(s), 0 left on base; Jasper 5 - Chula Vista 4
BOTTOM OF THE 9TH
Chula Vista Tacos batting - Pitching for Jasper Cougars : RHP A.J. Wellman
Pitching: LHP Teuk-chin Kim
Batting: LHB Jean Beauchemin 0-0: Called Strike
0-1: Ball
1-1: Ball
2-1: Ball
3-1: Ground out U3 (Groundball, 34)
Batting: RHB Kevin Wilson 0-0: Called Strike
0-1: Foul Ball, location: 2F
0-2: Strikes out swinging
Batting: RHB Matt O'Rourke 0-0: Ball
1-0: Called Strike
1-1: Ball
2-1: Ball
3-1: Foul Ball, location: 2F
3-2: Strikes out swinging
Bottom of the 9th over - 0 run(s), 0 hit(s), 0 error(s), 0 left on base; Jasper 5 - Chula Vista 4
Tuesday, August 8th, 2017 - OOTP Baseball 17.12 Build 75